Map: [ESL] Babylon

Players

Gerald - Winner!

  • Race: Protoss Protoss
  • Spawn Location: 5:00

Krystianer

  • Race: Protoss Protoss
  • Spawn Location: 11:00

Event: ESL SC2 Masters 2023 Summer (Regionals)

VOD

Have the link to the VOD?

Description

Time

  • Played on: May 11, 2023, 11:31 a.m.
  • Length: 8:18

All games in this series

Show
View Real Time Build Order
Export as new Build Order

Gerald Protoss - Winner!

Build Orders: Oracle Opening 

Get SALT Encoding   

  12  0:00  Probe  
  13  0:12  Probe  
  14  0:17  Pylon  
  14  0:24  Probe (Chrono Boost)  
  16  0:37  Probe (Chrono Boost), Gateway  
  16  0:42  Probe (Chrono Boost)  
  16  0:46  Assimilator  
  17  0:52  Probe (Chrono Boost)  
  17  0:55  Assimilator  
  18  1:04  Probe (Chrono Boost)  
  18  1:09  Gateway  
  19  1:13  Probe (Chrono Boost)  
  20  1:18  Pylon  
  20  1:20  Probe  
  21  1:31  Cybernetics Core  
  21  1:34  Probe  
  22  1:46  Probe  
  23  1:51  Pylon  
  22  1:58  Probe  
  23  2:07  Warp Gate, Stalker x2  
  27  2:10  Probe  
  28  2:26  Pylon  
  28  2:27  Probe  
  28  2:31  Pylon  
  28  2:34  Stargate  
  28  2:39  Probe  
  29  2:53  Probe  
  30  3:05  Nexus  
  30  3:06  Probe  
  30  3:12  Shield Battery  
  31  3:18  Oracle (Chrono Boost)  
  31  3:24  Probe  
  33  3:33  Shield Battery  
  33  3:36  Probe  
  34  3:45  Oracle (Chrono Boost)  
  34  3:48  Probe  
  38  4:00  Probe  
  39  4:17  Phoenix, Probe  
  39  4:18  Stalker x2  
  39  4:20  Probe  
  47  4:29  Probe  
  48  4:34  Twilight Council  
  48  4:35  Probe  
  49  4:41  Probe  
  50  4:47  Probe, Stalker  
  50  4:50  Pylon  
  50  4:51  Assimilator  
  53  5:00  Probe  
  53  5:05  Blink (Chrono Boost)  
  54  5:08  Probe  
  54  5:12  Probe  
  54  5:16  Gateway  
  54  5:17  Pylon  
  54  5:20  Probe  
  55  5:24  Probe  
  53  5:30  Stalker x2  
  53  5:32  Probe  
  58  5:36  Probe  
  58  5:42  Nexus  
  59  5:44  Probe  
  59  5:46  Shield Battery  
  60  5:52  Probe  
  60  5:56  Probe, Pylon  
  62  6:00  Stalker  
  62  6:01  Stalker  
  66  6:04  Probe  
  66  6:08  Probe  
  68  6:12  Forge  
  68  6:16  Stalker  
  70  6:25  Stalker x2  
  74  6:28  Pylon  
  74  6:30  Probe  
  75  6:35  Probe  
  76  6:41  Gateway  
  76  6:42  Probe  
  77  6:47  Probe, Stalker  
  80  6:56  Probe  
  80  6:57  Stalker x2  
  80  6:58  Probe  
  80  6:59  Probe  
  84  7:03  Robotics Facility  
  84  7:08  Probe  
  85  7:15  Probe  
  86  7:16  Probe  
  86  7:20  Stalker  
  86  7:21  Stalker x2  
  93  7:24  Probe  
  93  7:28  Probe  
  95  7:31  Assimilator  
  95  7:33  Gateway  
  95  7:34  Gateway  
  95  7:36  Gateway  
  95  7:37  Pylon  
  95  7:40  Stalker  
  95  7:43  Stalker x2  
  97  8:02  Stalker  
  99  8:13  Gateway  
  99  8:15  Gateway  
  99  8:17  Nexus  
Show
View Real Time Build Order
Export as new Build Order

Krystianer Protoss 

Build Orders: Oracle Opening, Phoenix Opening 

Get SALT Encoding   

  12  0:00  Probe  
  13  0:12  Probe  
  14  0:19  Pylon  
  14  0:24  Probe  
  15  0:37  Probe (Chrono Boost)  
  15  0:39  Gateway  
  16  0:46  Probe (Chrono Boost)  
  16  0:48  Assimilator  
  17  0:51  Probe (Chrono Boost)  
  18  0:57  Assimilator  
  18  1:03  Probe (Chrono Boost)  
  19  1:06  Pylon  
  19  1:13  Probe (Chrono Boost)  
  19  1:18  Probe (Chrono Boost)  
  21  1:26  Cybernetics Core  
  21  1:30  Probe  
  22  1:33  Zealot  
  24  1:42  Probe  
  26  1:54  Probe  
  26  2:03  Stargate, Stalker (Chrono Boost)  
  28  2:16  Warp Gate  
  28  2:31  Nexus  
  28  2:37  Stalker  
  30  2:44  Pylon  
  30  2:47  Probe  
  30  3:00  Oracle (Chrono Boost)  
  30  3:03  Shield Battery  
  33  3:06  Probe  
  34  3:23  Probe  
  34  3:26  Twilight Council  
  35  3:30  Gateway  
  35  3:35  Probe  
  36  3:44  Probe  
  36  3:47  Probe  
  38  3:56  Probe  
  38  3:59  Phoenix (Chrono Boost), Probe  
  42  4:04  Stalker  
  42  4:08  Probe  
  45  4:11  Probe  
  43  4:20  Probe (Chrono Boost)  
  45  4:28  Probe (Chrono Boost), Blink (Chrono Boost)  
  45  4:30  Stalker x2  
  50  4:32  Probe (Chrono Boost)  
  50  4:38  Probe x2 (Chrono Boost)  
  51  4:44  Pylon  
  52  4:48  Gateway  
  52  4:51  Probe  
  53  4:56  Probe  
  54  5:03  Probe  
  54  5:06  Stalker x2  
  59  5:08  Probe  
  59  5:12  Pylon  
  60  5:15  Probe  
  61  5:27  Probe  
  56  5:31  Stalker x2  
  56  5:33  Probe  
  58  5:45  Nexus  
  58  5:48  Stalker  
  58  5:49  Probe  
  62  5:55  Probe, Robotics Facility  
  62  6:01  Probe  
  63  6:07  Probe  
  63  6:08  Shield Battery  
  64  6:11  Assimilator  
  64  6:14  Stalker  
  64  6:15  Probe  
  67  6:21  Probe  
  67  6:22  Stalker  
  67  6:24  Pylon  
  70  6:35  Forge  
  70  6:43  Probe (Chrono Boost), Adept  
  70  6:44  Adept  
  74  6:48  Probe (Chrono Boost)  
  74  6:50  Stalker  
  74  6:51  Probe (Chrono Boost)  
  75  6:55  Probe (Chrono Boost)  
  75  6:59  Observer  
  75  7:00  Probe (Chrono Boost)  
  78  7:02  Probe (Chrono Boost)  
  78  7:06  Probe (Chrono Boost), Stalker  
  78  7:07  Stalker  
  84  7:09  Probe (Chrono Boost)  
  84  7:12  Probe (Chrono Boost)  
  84  7:13  Probe (Chrono Boost)  
  84  7:14  Probe (Chrono Boost)  
  86  7:21  Probe x2  
  85  7:24  Probe  
  85  7:28  Stalker  
  88  7:31  Stalker  
  88  7:33  Probe, Assimilator  
  88  7:34  Stalker  
  93  7:42  Pylon  
  93  7:49  Probe  
  76  7:59  Stalker x2  
  76  8:00  Zealot  
  76  8:01  Probe  
  76  8:03  Probe  
  78  8:06  Gateway  
  78  8:10  Gateway, Assimilator  
Tags
 
Add a new tag
Caveats
  • Supply blocks, unpowered buildings, or Contaminate may cause inaccurate times.
  • Supply counts are checked every 10 seconds.